 Dungeon Sprint DCSS version 0.27-a0-808-g60bc5d92e6 (webtiles) character file.

Game seed: 210676120260784428

1636 mhtbhm the Swashbuckler (level 9, -2/66 HPs)
             Began as a Kobold Berserker on Mar 28, 2021.
             Was a High Priest of Trog.
             Slain by a boulder beetle (17 damage)
             ... in the Dungeon (Sprint IX: "|||||||||||||||||||||||||||||").
             The game lasted 00:01:38 (580 turns).

mhtbhm the Swashbuckler (Kobold Berserker)           Turns: 580, Time: 00:01:39

Health: -2/66      AC:  9    Str: 20    XL:     9   Next: 18%
Magic:  9/9        EV: 19    Int:  9    God:    Trog [*****.]
Gold:   0          SH:  0    Dex: 14    Spells: 8/8 levels left

rFire    . . .     SeeInvis .   a - +2 rapier (drain)
rCold    . . .     Faith    .   (shield restricted)
rNeg     . . .     Spirit   .   b - +1 scale mail
rPois    .         Reflect  .   (no helmet)
rElec    .         Harm     .   (no cloak)
rCorr    .         Rampage  .   (no gloves)
Will     .....     NoTele   +   k - +0 pair of boots
Stlth    +.........             (no amulet)
HPRegen  0.21/turn              l - +2 ring of evasion
MPRegen  0.11/turn              m - +3 ring of strength

@: berserk cooldown, very slightly contaminated, invisible
A: small, no large weapons, nightstalker 3
a: Renounce Religion, Berserk, Trog's Hand, Brothers in Arms


You were in the Dungeon.
You worshipped Trog.
Trog was extremely pleased with you.
You visited 1 branch

Inventory:

Hand Weapons
 a - a +2 rapier of draining (weapon)
Missiles
 n - a curare-tipped dart (quivered)
Armour
 b - a +1 scale mail (worn)
 k - a +0 pair of boots (worn)
Jewellery
 l - a +2 ring of evasion (left hand)
 m - a +3 ring of strength (right hand)
Wands
 j - a wand of iceblast (10)
Scrolls
 h - 2 scrolls of blinking
Potions
 c - 5 potions of curing
 e - a potion of haste
 f - 4 potions of magic
 g - a potion of berserk rage
 i - a potion of heal wounds


   Skills:
 + Level 12.5 Fighting
 + Level 15.3 Short Blades
 + Level 5.3 Armour
 + Level 10.2 Dodging


You had 8 spell levels left.
You didn't know any spells.
Your spell library was empty.

Dungeon Overview and Level Annotations

Branches:
Dungeon (1/1)

Altars:
Cheibriados
Dithmenos
Elyvilon
Fedhas
Gozag
Hepliaklqana
Kikubaaqudgha
Makhleb
Nemelex Xobeh
Okawaru
Qazlal
Ru
Sif Muna
Trog
Uskayaw
Vehumet
Wu Jian
Xom
Yredelemnul
Zin
The Shining One
Beogh
Jiyva
Lugonu


Innate Abilities, Weirdness & Mutations

You are small and have problems with some larger weapons.
You are completely attuned to the shadows.


Message History

The boulder beetle bites you!
You are very lightly contaminated with residual magic.
Unknown command.
You hit the boulder beetle. You drain the boulder beetle.
The boulder beetle is lightly wounded.
You hit the boulder beetle but do no damage.
The boulder beetle is lightly wounded.
The boulder beetle closely misses you.
You strike the helpless boulder beetle from behind!
You impale the boulder beetle!!
The boulder beetle is moderately wounded.
The boulder beetle bites you!
* * * LOW HITPOINT WARNING * * *
Unknown command.
You strike the helpless boulder beetle from behind!
You puncture the boulder beetle!
The boulder beetle is heavily wounded.
The boulder beetle completely misses you.
Unknown command.
You feel much better.
You feel yourself speed up. The boulder beetle barely misses you.
You hit the boulder beetle but do no damage.
You drain the boulder beetle.
The boulder beetle is severely wounded.
The boulder beetle misses you.
You barely miss the boulder beetle.
The boulder beetle is severely wounded.
You puncture the boulder beetle!
The boulder beetle is severely wounded.
The boulder beetle bites you!
* * * LOW HITPOINT WARNING * * *
Unknown command.
You hit the boulder beetle but do no damage.
The boulder beetle is severely wounded.
Unknown command.
You impale the boulder beetle!!
The boulder beetle is almost dead.
The boulder beetle bites you!
You die... ▓▓▓▓▓▓▓▓▓▓▓▓▓▓▓▓▓▓▓▓▓▓▓▓▓▓▓▓ _______'.?))[[..@BD))..)'(.. ▓▓▓▓▓▓▓▓▓▓▓▓▓▓▓▓▓▓▓▓▓▓▓▓▓▓▓▓

You could see a boulder beetle (drained) and a six-headed hydra.

Vanquished Creatures
  A two-headed ogre (D)
  A troll (D)
  A yak (D)
  An orc warrior (D)
  2 kobold brigands (D)
  An iguana (D)
  A white imp (D)
  An ufetubus (D)
  An adder skeleton (D)
  An endoplasm (D)
  A hobgoblin (D)
  A kobold (D)
  A ball python zombie (D)
  2 bats (D)
  A quokka zombie (D)
17 creatures vanquished.

Vanquished Creatures (collateral kills)
  A cyclops (D)
  A blink frog (shapeshifter) (D)
  A slime creature (D)
3 creatures vanquished.

Grand Total: 20 creatures vanquished

Notes
Turn   | Place    | Note
-------+----------+-------------------------------------------
     0 | D        | mhtbhm the Kobold Berserker began the quest for the Orb.
     0 | D        | Reached XP level 1. HP: 14/14 MP: 1/1
    24 | D        | Reached ** piety under Trog
    36 | D        | Noticed an iguana
    48 | D        | Reached *** piety under Trog
    49 | D        | Reached skill level 5 in Short Blades
    49 | D        | Reached XP level 2. HP: 14/20 MP: 2/2
   242 | D        | Reached skill level 5 in Fighting
   242 | D        | Reached skill level 6 in Short Blades
   242 | D        | Reached XP level 3. HP: 16/26 MP: 3/3
   248 | D        | Reached **** piety under Trog
   249 | D        | Reached XP level 4. HP: 16/32 MP: 4/4
   254 | D        | Found a snail-covered altar of Cheibriados.
   254 | D        | Found a shadowy altar of Dithmenos.
   255 | D        | Found a white marble altar of Elyvilon.
   256 | D        | Found a blossoming altar of Fedhas.
   257 | D        | Found an opulent altar of Gozag.
   258 | D        | Found a hazy altar of Hepliaklqana.
   259 | D        | Found a viscous altar of Jiyva.
   260 | D        | Found an ancient bone altar of Kikubaaqudgha.
   261 | D        | Found a corrupted altar of Lugonu.
   262 | D        | Found a burning altar of Makhleb.
   263 | D        | Found a sparkling altar of Nemelex Xobeh.
   264 | D        | Found an iron altar of Okawaru.
   265 | D        | Found a stormy altar of Qazlal.
   266 | D        | Found a sacrificial altar of Ru.
   267 | D        | Found a shimmering blue altar of Sif Muna.
   268 | D        | Found a bloodstained altar of Trog.
   269 | D        | Found a hide-covered altar of Uskayaw.
   270 | D        | Found a radiant altar of Vehumet.
   271 | D        | Found an ornate altar of the Wu Jian Council.
   272 | D        | Found a shimmering altar of Xom.
   273 | D        | Found a basalt altar of Yredelemnul.
   274 | D        | Found a glowing silver altar of Zin.
   275 | D        | Found a glowing golden altar of the Shining One.
   454 | D        | Noticed a troll
   454 | D        | Noticed a kobold brigand
   456 | D        | Noticed a yak
   461 | D        | Killed a troll
   462 | D        | Reached skill level 10 in Short Blades
   462 | D        | Reached XP level 5. HP: 40/40 MP: 5/5
   462 | D        | Reached XP level 6. HP: 45/45 MP: 6/6
   462 | D        | Noticed an orc warrior
   466 | D        | Reached skill level 11 in Short Blades
   471 | D        | Killed a yak
   472 | D        | Reached skill level 10 in Fighting
   472 | D        | Reached skill level 12 in Short Blades
   472 | D        | Reached XP level 7. HP: 40/52 MP: 7/7
   476 | D        | Reached ***** piety under Trog
   536 | D        | Noticed a basilisk
   536 | D        | Noticed a two-headed ogre
   536 | D        | Noticed a boulder beetle
   544 | D        | Killed a two-headed ogre
   544 | D        | Noticed a slime creature
   545 | D        | Reached skill level 14 in Short Blades
   545 | D        | Reached XP level 8. HP: 60/60 MP: 8/8
   557 | D        | Noticed a cyclops
   558 | D        | Noticed a blink frog
   558 | D        | a naga changed into a blink frog
   559 | D        | Killed a slime creature
   560 | D        | Reached skill level 5 in Armour
   560 | D        | Noticed a five-headed hydra
   561 | D        | Killed a blink frog
   561 | D        | Killed a cyclops
   562 | D        | Reached skill level 15 in Short Blades
   562 | D        | Reached skill level 10 in Dodging
   562 | D        | Reached XP level 9. HP: 58/66 MP: 9/9
   580 | D        | Slain by a boulder beetle

Illustrated notes

Levels and vault maps discovered:
D:        linesprint [early_d, line_temple, items_1, d_10, items_2, lair_1,
          lair_end, items_3, orc_1, orc_end, items_4, d_15, swamp_1, shoals_1,
          snake_1, spider_1, d_20, vaults_1, items_5, swamp_end, shoals_end,
          snake_end, spider_end, vaults_end, d_27, items_6, zot_1, zot_end,
          crypt_end, forest_end, elf_end, slime_end, tomb_end, abyss_end,
          pan_hell_end]

Skill      XL: |  1  2  3  4  5  6  7  8 |
---------------+-------------------------+-----
Fighting       | 4 5 8 10 11 12 | 12.5
Short Blades   | 5 6 10 12 14 15 | 15.3
Armour         | 2 3 4 5 |  5.3
Dodging        | 3 4 6 8 9 10 | 10.2

Action                   |  1- 3 |  4- 6 |  7- 9 || total
-------------------------+-------+-------+-------++-------
Melee: Short sword       |    41 |       |       ||    41
       Rapier            |       |    13 |    29 ||    42
Invok: Berserk           |     2 |     1 |     1 ||     4
       Brothers in Arms  |       |       |     1 ||     1
  Use: Potion            |     1 |       |     2 ||     3
 Stab: Invisible         |       |       |     2 ||     2
Armor: Animal skin       |     4 |       |       ||     4
       Scale mail        |       |     4 |     5 ||     9
Dodge: Dodged            |    27 |     6 |    19 ||    52

Table legend: (Time is in decaauts)
 A = Elapsed time spent in this place.
 B = Non-inter-level travel time spent in this place.
 C = Inter-level travel time spent in this place.
 D = Time resting spent in this place.
 E = Time spent auto-exploring this place.
 F = Levels seen in this place.
 G = Mean time per level.
                   A        B        C        D        E       F      G
               +--------+--------+--------+--------+--------+-----+--------+
         Total |    585 |    585 |      0 |    368 |      8 |   1 |  585.0 |
       Dungeon |    585 |    585 |      0 |    368 |      8 |   1 |  585.0 |
               +--------+--------+--------+--------+--------+-----+--------+

Top non-repeatable levels by time:
       D: 585 daAuts
